 Dungeon Crawl Stone Soup version 0.27.1-3-gb3d3a73c9e (webtiles) character file.

Game seed: 8022264777782644678

144 MajorAdolf the Chopper (level 5, -2/50 HPs)
             Began as a Naga Wanderer on Oct 6, 2021.
             Killed from afar by Ijyb (10 damage)
             ... with a puff of flame
             ... on level 3 of the Dungeon.
             The game lasted 00:02:45 (3600 turns).

MajorAdolf the Chopper (Naga Wanderer)              Turns: 3600, Time: 00:02:46

Health: -2/50      AC:  2    Str: 17    XL:     5   Next: 26%
Magic:  5/5        EV:  9    Int: 11    God:
Gold:   70         SH:  3    Dex: 10    Spells: 4/4 levels left

rFire    . . .     SeeInvis +   a - +2 hand axe
rCold    . . .     Faith    .   f - +0 buckler
rNeg     . . .     Spirit   .   c - +0 robe
rPois    +         Reflect  .   (no helmet)
rElec    .         Harm     .   (no cloak)
rCorr    .         Rampage  .   (no gloves)
Will     .....                  (no barding)
Stlth    ++........             (no amulet)
HPRegen  0.16/turn              (no ring)
MPRegen  0.09/turn              (no ring)

@: about to teleport, short of breath, very slow
A: AC +1, large, see invisible, deformed body, poison resistance, slowness 2,
spit poison 1, naga tail 1
a: Spit Poison


You were on level 3 of the Dungeon.
You visited 1 branch of the dungeon, and saw 3 of its levels.

You collected 70 gold pieces.

Inventory:

Hand Weapons
 a - a +2 hand axe (weapon)
 d - a +0 dagger
Missiles
 o - 8 boomerangs (quivered)
Armour
 c - a +0 robe (worn)
 f - a +0 buckler (worn)
Scrolls
 b - 4 scrolls of teleportation
 g - a scroll of blinking {unknown}
 h - 4 scrolls of identify {unknown}
 j - 2 scrolls of immolation {unknown}
 l - 2 scrolls of magic mapping {unknown}
 n - a scroll of fear {unknown}
 q - a scroll of brand weapon {unknown}
Potions
 e - a potion of mutation {unknown}
 i - a potion of brilliance {unknown}
 k - a potion of magic {unknown}
 m - a potion of lignification {unknown}
 p - a potion of flight {unknown}


   Skills:
 + Level 4.2 Fighting
 + Level 4.2 Axes
 - Level 1.5 Armour
 - Level 3.0 Stealth
 + Level 1.8 Shields


You had 4 spell levels left.
You didn't know any spells.
Your spell library was empty.

Dungeon Overview and Level Annotations

Branches:
Dungeon (3/15)

Altars:

Annotations:
D:3 Ijyb


Innate Abilities, Weirdness & Mutations

Your serpentine skin is tough. (AC +1)
You have supernaturally acute eyesight. (SInv)
Armour fits poorly on your strangely shaped body.
Your system is resistant to poisons. (rPois)
You cover ground very slowly.
You can spit poison.
You have a snake-like lower body.


Message History

Press: ? - help, Shift-Dir - straight line, f - Ijyb
Aim: Ijyb, wielding a +0 dagger, wearing a +0 leather armour and carrying a wand of flame (17) (fast)
The splash of poison hits Ijyb.
Ijyb is lightly wounded.
Ijyb screams, "I no like you!" Ijyb hits you with a +0 dagger.
You closely miss Ijyb.
Ijyb is lightly wounded.
Ijyb hits you with a +0 dagger.
Ijyb zaps a wand.
The puff of flame hits you.
You hit Ijyb but do no damage.
Ijyb is lightly wounded.
Ijyb hits you with a +0 dagger. Ijyb closely misses you.
You slash Ijyb!
Ijyb is moderately wounded.
You have got your breath back.
Ijyb screams, "Me very upset!"
Ijyb barely misses you.
You miss Ijyb.
Ijyb is moderately wounded.
Ijyb zaps a wand.
The puff of flame hits you! Ijyb hits you with a +0 dagger.
Okay, then.
Press: ? - help, Shift-Dir - straight line, f/p - Ijyb
Aim: Ijyb, wielding a +0 dagger, wearing a +0 leather armour and carrying a wand of flame (15) (moderately wounded, fast)
The splash of poison hits Ijyb.
Ijyb is heavily wounded.
Ijyb hits you with a +0 dagger.
* * * LOW HITPOINT WARNING * * *
Ijyb hits you with a +0 dagger.
* * * LOW HITPOINT WARNING * * *
You aren't carrying any items that you can evoke.
Unknown command.
You aren't carrying any items that you can evoke.
Drop what? 17/52 slots (_ for help) (? for menu, Esc to quit)
Okay, then.
As you read the scroll of teleportation, it crumbles to dust.
You feel strangely unstable. Ijyb hits you with a +0 dagger.
* * * LOW HITPOINT WARNING * * *
Unknown command.
Ijyb zaps a wand.
The puff of flame hits you!
You die...

#..........###'######
#.###### #.##.###.#.#
#.##...###.# #.##.# #.#.#
#.#.....##.#
#.##.###.#.###.........<#
#.##.....#.##........#.##
#.##.......#........##.#
#.##.###.#.##...##.###.#
#.##.###...........# #.#
#..........###@##### #.#
####.#####.# #g# #.#
#.#####.# #†........#
#.......# #.#######
######### #.# #.# #.# #.#
...


You could see Ijyb (fast).

Vanquished Creatures
  An orc wizard (D:3)
  4 adders
  2 worms (D:2)
  A dart slug (D:3)
  3 orcs (D:3)
  7 endoplasms
  6 giant cockroaches
  9 hobgoblins
  4 quokkas (D:1)
  8 ball pythons
  9 bats
  4 frilled lizards
  3 goblins
  4 kobolds
  5 rats
70 creatures vanquished.

Notes
Turn   | Place    | Note
-------+----------+-------------------------------------------
     0 | D:1      | MajorAdolf the Naga Wanderer began the quest for the Orb.
     0 | D:1      | MajorAdolf set off with the following items: a +2 hand axe,
                  | 2 scrolls of teleportation, a +0 robe, a +0 dagger
     0 | D:1      | Reached XP level 1. HP: 21/21 MP: 1/1
   324 | D:1      | Reached XP level 2. HP: 28/28 MP: 2/2
   455 | D:1      | Found a faded altar of an unknown god.
   870 | D:1      | Reached XP level 3. HP: 29/34 MP: 3/3
  1881 | D:2      | Reached skill level 1 in Shields
  2031 | D:2      | Reached XP level 4. HP: 44/44 MP: 4/4
  3437 | D:3      | Reached XP level 5. HP: 43/50 MP: 5/5
  3588 | D:3      | Noticed Ijyb
  3600 | D:3      | Killed from afar by Ijyb

Illustrated notes

Levels and vault maps discovered:
D:1:      lightli_arrival_lavapool, layout_loops_ring, basic_ecumenical_altar
D:2:      layout_loops_ring, minivault_26
D:3:      layout_loops_corners, kennysheep_potato, uniq_ijyb

Skill      XL: |  1  2  3  4 |
---------------+-------------+-----
Shields        | 1 |  1.8
Axes           | 4 |  4.2
Fighting       | 4 |  4.2
Armour         | |  1.5
Stealth        | |  3.0

Action                   |  1- 3 |  4- 6 || total
-------------------------+-------+-------++-------
Melee: Hand axe          |    91 |    58 ||   149
Throw: Boomerang         |       |     1 ||     1
 Abil: Spit Poison       |    10 |    15 ||    25
  Use: Scroll            |       |     1 ||     1
 Stab: Sleeping          |     7 |     3 ||    10
Armor: Robe              |    18 |    12 ||    30
Dodge: Dodged            |    54 |    28 ||    82
Block: Buckler           |     8 |     3 ||    11
